 Dungeon Crawl Stone Soup version 0.20.1-1-g8b1a95d66d (webtiles) character file.

652500 Peloso the Minotaur Barricade (level 27, -3/271 (273) HPs)
             Began as a Minotaur Fighter on Dec 17, 2017.
             Was the Champion of Okawaru.
             Slain by a greater mummy (18 damage)
             ... on level 1 of the Tomb of the Ancients.
             The game lasted 04:57:13 (74764 turns).

Peloso the Minotaur Barricade (Minotaur Fighter)   Turns: 74764, Time: 04:57:13

HP:   -3/271 (273)  AC: 39    Str: 35 (36) XL:     27
MP:   24/24         EV: 20    Int:  3      God:    Okawaru [******]
Gold: 8145          SH: 18    Dex: 21      Spells: 26/26 levels left

rFire    + . .     SeeInvis .   a - +5 double sword of Exchange {speed, Str+2}
rCold    . . .     Gourm    .   c - +6 buckler of Activism {rElec}
rNeg     + . .     Faith    .   N - +6 plate armour "Wiffuusu" {rPois rF+ Dex+2}
rPois    +         Spirit   .   Q - +2 hat
rElec    +         Reflect  .   T - +1 cloak {MR+}
rCorr    +         Harm     .   u - +2 pair of gloves of Spring {rPois rCorr Str+4}
MR       +++++     Clarity  +   F - +0 pair of boots
Stlth    ..........             U - amulet of the Four Winds {rN+ MR+++ Clar}
Regen    0.0/turn               l - +6 ring of slaying
MPRegen  0.2/turn               P - +5 ring of dexterity

@: lethally poisoned (-3 -> -53), silence, non-regenerating, badly diseased,
slowed, very slow
A: retaliatory headbutt, horns 2, dopey 1
}: 3/15 runes: decaying, serpentine, silver
a: Renounce Religion


You were on level 1 of the Tomb of the Ancients.
You worshipped Okawaru.
Okawaru was exalted by your worship.
You were not hungry.

You visited 10 branches of the dungeon, and saw 48 of its levels.
You also visited: Ice Cave and Wizlab.

You collected 10669 gold pieces.
You spent 2524 gold pieces at shops.

Inventory:

Hand Weapons
 a - the +5 double sword of Exchange (weapon) {speed, Str+2}
   (Okawaru gifted it to you on level 1 of the Lair of Beasts)

   Attacks with this weapon are significantly faster.
   It affects your strength (+2).
 q - the +8 autumn katana {slice, Clar}
   (You bought it in a shop on level 4 of the Vaults)

   It inflicts extra damage upon your enemies.
   It protects you against confusion.
 J - the +4 scimitar of Recklessness {slice, MP+9 Str+5 Int+2 SInv}
   (Okawaru gifted it to you on level 3 of the Swamp)

   It inflicts extra damage upon your enemies.
   It affects your strength (+5).
   It affects your intelligence (+2).
   It affects your magic capacity (+9).
   It lets you see invisible.
Armour
 c - the +6 buckler of Activism (worn) {rElec}
   (Okawaru gifted it to you on level 6 of the Lair of Beasts)

   It insulates you from electricity.
 m - a +0 shield of poison resistance
 u - the +2 pair of gloves of Spring (worn) {rPois rCorr Str+4}
   (Okawaru gifted it to you on level 1 of the Lair of Beasts)

   It affects your strength (+4).
   It protects you from poison.
   It protects you from acid and corrosion.
 F - a +0 pair of boots (worn)
 N - the +6 plate armour "Wiffuusu" (worn) {rPois rF+ Dex+2}
   (Okawaru gifted it to you on level 4 of the Snake Pit)

   It affects your dexterity (+2).
   It protects you from fire.
   It protects you from poison.
 Q - a +2 hat (worn)
 T - a +1 cloak of magic resistance (worn)
 Z - a +0 hat of see invisible
Jewellery
 l - a +6 ring of slaying (left hand)
 r - an uncursed ring of flight
 P - a +5 ring of dexterity (right hand)
 U - the amulet of the Four Winds (around neck) {rN+ MR+++ Clar}
   (You took it off a yaktaur captain on level 5 of the Vaults)

   [amulet of nothing]

   It protects you from negative energy.
   It affects your resistance to hostile enchantments.
   It protects you against confusion.
Wands
 j - a wand of confusion (10/48)
 V - a wand of digging (2/24)
Scrolls
 e - 10 scrolls of recharging
 g - a scroll of enchant weapon
 i - 18 scrolls of teleportation
 p - 22 scrolls of remove curse
 s - a scroll of fog
 w - 2 scrolls of magic mapping
 z - 19 scrolls of identify
 C - 6 scrolls of summoning
 X - 9 scrolls of fear
Potions
 d - 7 potions of might
 k - 4 potions of agility
 t - a potion of heal wounds
 v - 15 potions of curing
 x - 6 potions of haste
 A - 2 potions of invisibility
 B - 2 potions of flight
 H - 9 potions of resistance
Comestibles
 b - 6 fruits
 f - 25 bread rations
 h - 49 royal jellies
 n - 27 meat rations
 o - 8 chunks of flesh


   Skills:
 O Level 27 Fighting
 O Level 27 Long Blades
   Level 1.0 Polearms
 + Level 25.7 Armour
 + Level 13.4 Dodging
 + Level 8.2 Stealth
 O Level 27 Shields
 + Level 3.4 Invocations
 + Level 2.6 Evocations


You had 26 spell levels left.
You didn't know any spells.

Dungeon Overview and Level Annotations

Branches:
Dungeon (15/15)            Temple (0/1) D:6            Lair (6/6) D:11
  Swamp (4/4) Lair:3        Snake (4/4) Lair:2        Slime (0/5) Lair:6
    Orc (2/2) D:12            Elf (3/3) Orc:2        Vaults (5/5) D:13
  Crypt (3/3) Vaults:2       Tomb (1/3) Crypt:3      Depths (5/5) D:15
    Zot (0/5) Depths:5

Altars:
Ashenzari
Cheibriados
Elyvilon
Fedhas
Gozag
Hepliaklqana
Kikubaaqudgha
Makhleb
Okawaru
Uskayaw
Vehumet
Xom
Yredelemnul
Zin
The Shining One
Beogh
Jiyva
Lugonu

Shops:
D:7 *   Orc:2 (*:?   Elf:1 ?   Elf:2 ***[!   Snake:2 :   Vaults:3 ?
Vaults:4 (   Depths:1 ==}(

Portals:
Hell: Depths:1 Depths:2 Depths:3 Depths:4 Depths:5
Abyss: Depths:1 Depths:2 Depths:4
Pandemonium: Depths:3
Ziggurat: Depths:4
Trove: Elf:3 (give 8 potions of haste)


Innate Abilities, Weirdness & Mutations

You reflexively headbutt those who attack you in melee.
You have a pair of horns on your head.
You are dopey. (Int -2)


Message History

A guardian mummy comes into view.
Okay, then.
As you read the scroll of silence, it crumbles to dust.
A profound silence engulfs you.
You are engulfed in dark miasma.
You are lethally poisoned!
You feel your flesh rotting away!
* * * LOW HITPOINT WARNING * * *
x2 You feel very sick.
You block the jiangshi's attack. The jiangshi completely misses you.
The greater mummy hits you but does no damage.
The jiangshi claws you but does no damage.
You block the jiangshi's attack.
The greater mummy calls on the powers of darkness!
Your body is wracked with pain!
* * * LOW HITPOINT WARNING * * *
The emperor scorpion convulses!
The mummy priest hits you but does no damage.
The mummy priest says something but you don't hear anything.
The greater mummy hits you!!
You die...

.................................
.................................
.................................
.........⌠.⌠.....................
.................................
..............Z.Z................
................n8...............
........8...8.MMMs...............
............M3WV@Z...............
#######.....MM##################.
#.8...8§# #. #.......# #.
#.......# #. #.8...8.# #.
#.......# #. #.......# #.
#.8...8.# #.


You could see 2 greater mummies, an emperor scorpion, 3 mummy priests, a
jiangshi, a guardian mummy, an ushabti, a freezing wraith, a spectral fire
dragon, a smoke demon, a necrophage, an ice dragon simulacrum and an ettin
zombie.

Vanquished Creatures
  An ancient lich (Tomb:1)
  Mara (Vaults:3)
  Mennas (Vaults:3)
  Frederick (Vaults:4)
  Boris (Crypt:3)
  Margery (Crypt:1)
  A caustic shrike (Depths:3)
  Xtahua (Vaults:4)
  Jory (Vaults:4)
  Nikola (Elf:2)
  7 golden dragons
  A bone dragon (Depths:5)
  A Hellbinder (WizLab)
  7 liches
  Rupert (D:13)
  Jorgrun (Vaults:3)
  9 tentacled monstrosities
  2 titans (Vaults:5)
  2 deep elf blademasters
  A quicksilver dragon (Vaults:5)
  A quicksilver dragon (shapeshifter) (Vaults:4)
  2 deep elf master archers (Elf:3)
  2 ancient champions
  7 storm dragons
  Kirke (D:13)
  Roxanne (Swamp:1)
  7 revenants
  12 sphinxes
  13 tengu reavers
  5 thorn hunters
  7 shadow dragons
  An azure jelly (shapeshifter) (Elf:3)
  8 nagarajas (Snake:4)
  15 frost giants
  7 fire giants
  Louise (Depths:4)
  4 iron dragons
  7 deep elf sorcerers
  4 orc warlords
  2 balrugs
  23 vault wardens
  Aizul (Snake:1)
  8 deep elf elementalists
  6 reapers
  6 curse skulls
  A cacodemon (WizLab)
  10 ghouls
  23 very ugly things
  2 war gargoyles (Vaults:5)
  5 draconian stormcallers (Depths:5)
  21 ironheart preservers
  21 stone giants
  10 deep elf demonologists
  2 bennus (Tomb:1)
  4 spriggan defenders
  2 black draconians (Depths:5)
  A green draconian (Depths:5)
  Nessos (Orc:2)
  2 entropy weavers (Vaults:2)
  9 vampire knights
  A lorocyproca (Depths:3)
  7 spark wasps
  A white draconian (Depths:5)
  A dire elephant (Lair:6)
  Azrael (Orc:2)
  14 deep elf annihilators
  3 eidola
  Snorg (D:12)
  A blizzard demon (WizLab)
  15 ettins
  10 deep elf death magi
  A crystal guardian (Vaults:4)
  16 jiangshi
  18 yaktaur captains
  3 mummy priests (Tomb:1)
  Josephine (D:13)
  13 fire dragons
  Fannar (Lair:1)
  10 deep elf high priests
  23 hydras
  A monstrous demonspawn (Depths:3)
  A hell beast (WizLab)
  9 rakshasas
  8 great orbs of eyes
  36 vault guards
  23 naga warriors
  3 ghost crabs (Swamp:4)
  A hydra (shapeshifter) (Depths:4)
  13 ice dragons
  15 centaur warriors
  3 small abominations
  10 alligators
  6 spriggan air magi
  19 anacondas
  A catoblepas (Lair:4)
  70 two-headed ogres
  34 dancing weapons
  4 death knights
  An anaconda (shapeshifter) (Depths:1)
  18 ogre magi
  9 tengu warriors
  An alligator (shapeshifter) (Vaults:4)
  8 spriggan berserkers
  9 vampire magi
  An orc high priest (Elf:2)
  14 deep troll earth magi
  11 shock serpents
  A shock serpent (shapeshifter) (Vaults:3)
  7 sun demons
  25 deep elf knights
  7 deep troll shamans
  22 naga sharpshooters
  4 soul eaters
  26 hell knights
  The ghost of Noxor the Thaumaturge, a journeyman SpEn of Hepliaklqana (Orc:2)
  36 skeletal warriors
  16 shadow wraiths
  3 iron trolls
  2 deep trolls (shapeshifter)
  6 salamander mystics (Snake:4)
  33 deep trolls
  A spectral iron dragon (Crypt:3)
  3 shambling mangroves
  3 spriggan druids
  A storm dragon skeleton (Crypt:1)
  3 glowing orange brains
  8 flayed ghosts
  4 unseen horrors
  7 swamp dragons (Swamp:4)
  21 deep elf archers
  10 naga ritualists
  A harpy (shapeshifter) (Vaults:1)
  11 sea snakes (Snake:4)
  7 wizards
  26 phantasmal warriors
  14 ironbrand convokers
  4 lindwurms (Snake:4)
  A sphinx zombie (Crypt:3)
  A spectral hydra (Crypt:3)
  23 orc knights
  An iron dragon zombie (Crypt:1)
  15 necromancers
  2 stone giant zombies
  2 wolf spiders
  62 ugly things
  11 mana vipers
  6 salamanders
  A wolf spider (shapeshifter) (Depths:5)
  67 deep elf magi
  5 oklob plants
  4 orc sorcerers
  A wolf spider zombie (D:15)
  4 cyclopes
  A spectral alligator (Crypt:3)
  2 ice statues (IceCv)
  A black mamba (shapeshifter) (Elf:3)
  2 human skeletons
  A rust devil (WizLab)
  A titan simulacrum (Crypt:1)
  Maurice (D:9)
  The ghost of ShansongY the Slasher, a novice MiGl of Uskayaw (D:6)
  10 guardian serpents
  A guardian serpent (shapeshifter) (Elf:3)
  20 vault sentinels
  40 black mambas
  33 naga magi
  5 spectral swamp worms (Depths:4)
  A green draconian zombie (Crypt:2)
  14 spiny frogs
  6 gargoyles
  A spiny frog (shapeshifter) (Depths:1)
  An elephant slug zombie (Crypt:1)
  2 shock serpent skeletons
  2 rime drakes (IceCv)
  A dire elephant skeleton (Crypt:3)
  5 komodo dragons
  90 yaktaurs
  2 kobold demonologists (WizLab)
  An efreet (D:13)
  An emperor scorpion zombie (Crypt:2)
  2 yaktaur zombies
  2 pale draconian zombies
  13 freezing wraiths
  A green draconian skeleton (Crypt:2)
  3 tengu conjurers
  10 trolls
  A yellow draconian skeleton (Crypt:2)
  4 red devils
  A jumping spider (Vaults:2)
  6 guardian mummies
  5 polar bears (Lair:6)
  2 jumping spiders (shapeshifter)
  2 trolls (shapeshifter)
  A meliai (shapeshifter) (Vaults:2)
  5 tyrant leeches
  21 hornets
  3 meliai (Lair:4)
  2 queen bees (shapeshifter)
  A queen bee (Lair:4)
  A hornet (shapeshifter) (Elf:2)
  Grinder (D:6)
  A harpy skeleton (Crypt:3)
  14 bog bodies
  A frost giant simulacrum (Vaults:3)
  24 slime creatures
  15 flying skulls
  11 blink frogs
  2 large abominations (Elf:1)
  7 hippogriffs
  4 redbacks (Vaults:2)
  A spriggan (shapeshifter) (Vaults:4)
  12 air elementals
  16 shadows
  2 yaks (shapeshifter)
  3 ynoxinuls (WizLab)
  An ettin skeleton (Crypt:1)
  19 spriggans
  11 wraiths
  2 wyverns
  15 water elementals
  A tarantella (shapeshifter) (Depths:5)
  5 ushabtiu
  6 fire elementals
  A human simulacrum (Vaults:3)
  2 basilisks
  A basilisk (shapeshifter) (Depths:2)
  2 hogs (D:13)
  59 yaks
  29 vampire mosquitoes
  24 swamp worms
  10 hungry ghosts
  5 insubstantial wisps (Lair:3)
  4 acid dragons
  61 nagas
  A soldier ant (shapeshifter) (Vaults:4)
  A deep troll zombie (Crypt:3)
  16 wargs
  2 floating eyes (Elf:2)
  3 hell hounds (Orc:2)
  2 ogre skeletons (Vaults:1)
  Duvessa (D:5)
  12 water moccasins
  3 sky beasts
  A soldier ant (D:12)
  7 porcupines
  12 swamp drakes
  83 orc warriors
  A human zombie (Vaults:3)
  3 necrophages
  An eye of draining (shapeshifter) (Depths:4)
  15 ice beasts
  5 black bears
  47 ogres
  A phantom (D:11)
  The ghost of dengdeng the Covered, an amateur FoFi (D:15)
  26 centaurs
  29 boggarts
  26 wolves (Lair:6)
  7 crocodiles
  A snapping turtle skeleton (Crypt:2)
  A big kobold (shapeshifter) (Vaults:5)
  A big kobold (D:8)
  3 elf zombies (Elf:1)
  2 yaktaur skeletons
  14 bullfrogs
  2 earth elementals
  Dowan (D:5)
  2 gnoll sergeants (D:9)
  An ogre simulacrum (Vaults:1)
  A scorpion (shapeshifter) (Depths:3)
  3 scorpions
  4 wyvern skeletons
  A warg zombie (Crypt:2)
  An orc simulacrum (Vaults:2)
  26 killer bees
  A warg skeleton (Crypt:2)
  A yak skeleton (Crypt:1)
  A raiju skeleton (Crypt:1)
  7 howler monkeys
  A wight (D:13)
  6 electric eels
  7 crimson imps
  A wolf skeleton (Crypt:3)
  A centaur zombie (D:8)
  A bullfrog zombie (D:5)
  7 hounds
  27 orc wizards
  4 quasits (Depths:3)
  2 centaur skeletons
  20 orc priests
  A gnoll shaman (D:8)
  16 jellies
  A bullfrog skeleton (D:5)
  5 iguanas
  Natasha (thrice) (D:4)
  5 hell rats (Lair:6)
  6 worker ants
  A dwarf zombie (Crypt:1)
  2 hound zombies
  9 mummies (Tomb:1)
  A worker ant zombie (Crypt:2)
  16 gnolls
  2 howler monkey skeletons
  A scorpion zombie (Crypt:1)
  2 swamp drake zombies (Crypt:2)
  13 adders
  6 river rats (Lair:6)
  3 shadow imps
  A white imp (Depths:3)
  3 ufetubi (Depths:3)
  18 oozes
  2 adder zombies (D:9)
  An adder skeleton (D:7)
  A dart slug (D:3)
  2 worms
  4 leopard geckos
  162 orcs
  10 giant cockroaches
  5 goblins
  8 hobgoblins
  13 jackals
  2 quokkas
  A ball python (D:1)
  9 bats
  6 frilled lizards
  A hobgoblin skeleton (Crypt:3)
  14 kobolds
  A quokka skeleton (Crypt:1)
  A quokka zombie (Crypt:2)
  14 rats
  A rat skeleton (Crypt:1)
  A spectral orc (Crypt:3)
  A briar patch (Swamp:4)
  A crawling corpse (Elf:3)
  3 fungi
  6 plants
2842 creatures vanquished.

Vanquished Creatures (others)
  A deep elf blademaster (Elf:3)
  An iron troll (Depths:5)
  A deep elf archer (Elf:1)
  A phantasmal warrior (Vaults:5)
  A naga mage (Snake:4)
  3 humans (D:13)
  An orc warrior (Vaults:5)
  An ogre (Depths:2)
  An orc priest (Vaults:5)
  An orc (Orc:2)
  14 fungi
  82 plants
108 creatures vanquished.

Grand Total: 2950 creatures vanquished

Notes
Turn   | Place    | Note
-------+----------+-------------------------------------------
     0 | D:1      | Peloso the Minotaur Fighter began the quest for the Orb.
     0 | D:1      | Reached XP level 1. HP: 19/19 MP: 0/0
    54 | D:1      | Reached XP level 2. HP: 15/27 MP: 1/1
   647 | D:2      | Reached XP level 3. HP: 29/33 MP: 2/2
   968 | D:2      | Reached XP level 4. HP: 37/40 MP: 3/3
  1355 | D:3      | Found a white marble altar of Elyvilon.
  1584 | D:3      | Found a white marble altar of Elyvilon.
  1655 | D:3      | Found a basalt altar of Yredelemnul.
  1788 | D:4      | Found an iron altar of Okawaru.
  1795 | D:4      | Became a worshipper of Warmaster Okawaru
  1835 | D:4      | Reached skill level 5 in Armour
  1835 | D:4      | Reached skill level 1 in Dodging
  1835 | D:4      | Reached XP level 5. HP: 46/46 MP: 4/4
  1916 | D:4      | Noticed Natasha
  1921 | D:4      | Killed Natasha
  1944 | D:4      | Found a shimmering altar of Xom.
  2039 | D:4      | Noticed Natasha
  2048 | D:4      | Killed Natasha
  2109 | D:4      | Reached skill level 5 in Long Blades
  2116 | D:4      | Noticed Natasha
  2127 | D:4      | Killed Natasha
  2127 | D:4      | Reached XP level 6. HP: 42/52 MP: 5/5
  2139 | D:5      | Entered Level 5 of the Dungeon
  2482 | D:5      | Reached * piety under Okawaru
  2559 | D:5      | Reached skill level 5 in Shields
  2898 | D:5      | Noticed Duvessa
  2898 | D:5      | Noticed Dowan
  2907 | D:5      | Killed Duvessa
  2907 | D:5      | Reached XP level 7. HP: 52/60 MP: 6/6
  2917 | D:5      | Killed Dowan
  3206 | D:6      | Noticed Grinder
  3209 | D:6      | Killed Grinder
  3209 | D:6      | Reached skill level 1 in Stealth
  3222 | D:6      | Reached ** piety under Okawaru
  3253 | D:6      | Reached XP level 8. HP: 66/67 MP: 7/7
  3267 | D:6      | Reached skill level 5 in Fighting
  3415 | D:6      | Found a basalt altar of Yredelemnul.
  3476 | D:6      | Noticed ShansongY's ghost (novice MiGl)
  3487 | D:6      | Killed ShansongY's ghost
  3727 | D:6      | Found an ancient bone altar of Kikubaaqudgha.
  3732 | D:6      | Found a blossoming altar of Fedhas.
  3804 | D:6      | Found a staircase to the Ecumenical Temple.
  4115 | D:7      | Found an opulent altar of Gozag.
  4115 | D:7      | Found Gozag's Platinum Reserve.
  4190 | D:7      | Reached *** piety under Okawaru
  4209 | D:7      | Reached XP level 9. HP: 75/75 MP: 8/8
  4421 | D:7      | Found a burning altar of Makhleb.
  4422 | D:7      | Found a glowing silver altar of Zin.
  4422 | D:7      | Noticed an angel
  4423 | D:7      | Noticed a blizzard demon
  4685 | D:8      | Noticed a two-headed ogre
  4695 | D:7      | Killed a two-headed ogre
  4695 | D:7      | Reached **** piety under Okawaru
  4695 | D:7      | Reached skill level 1 in Invocations
  4709 | D:8      | Reached skill level 10 in Long Blades
  4983 | D:8      | Found a glowing golden altar of the Shining One.
  5012 | D:8      | Found a shattered altar of Ashenzari.
  5015 | D:8      | Found a hide-covered altar of Uskayaw.
  5015 | D:8      | Found a radiant altar of Vehumet.
  5459 | D:9      | Reached XP level 10. HP: 80/86 MP: 6/9
  5481 | D:9      | Got a twisted spear
  5500 | D:9      | Identified the +5 spear "Jellybane" {flame, Str+2 SInv} (You found it on level 9 of the Dungeon)
  5531 | D:9      | Noticed Maurice
  5531 | D:9      | Paralysed by Maurice for 3 turns
  5547 | D:9      | Killed Maurice
  5795 | D:9      | Noticed a brown ugly thing
  5990 | D:9      | Killed a brown ugly thing
  6251 | D:9      | Noticed a centaur warrior
  6267 | D:9      | Reached ***** piety under Okawaru
  6279 | D:9      | Killed a centaur warrior
  6279 | D:9      | Reached skill level 10 in Armour
  6391 | D:10     | Entered Level 10 of the Dungeon
  6442 | D:10     | Noticed an unseen horror
  6461 | D:10     | Killed an unseen horror
  6756 | D:10     | Reached XP level 11. HP: 94/95 MP: 10/10
  7229 | D:11     | Noticed a two-headed ogre
  7255 | D:11     | Killed a two-headed ogre
  7255 | D:11     | Received a gift from Okawaru
  7414 | D:11     | Noticed a four-headed hydra
  7428 | D:11     | Found a staircase to the Lair.
  7591 | D:11     | Killed a four-headed hydra
  7598 | D:11     | Noticed a cyan ugly thing
  7613 | D:11     | Killed a cyan ugly thing
  8054 | D:11     | Noticed a centaur warrior
  8057 | D:11     | Noticed an orc knight
  8058 | D:11     | Noticed a tengu warrior
  8058 | D:11     | Noticed a centaur warrior
  8065 | D:11     | Killed a centaur warrior
  8065 | D:11     | Reached skill level 10 in Shields
  8092 | D:11     | Killed an orc knight
  8114 | D:11     | Killed a centaur warrior
  8114 | D:11     | Reached ****** piety under Okawaru
  8114 | D:11     | Reached skill level 10 in Fighting
  8114 | D:11     | Reached skill level 1 in Polearms
  8140 | D:11     | Killed a tengu warrior
  8296 | Lair:1   | Entered Level 1 of the Lair of Beasts
  8322 | Lair:1   | Received a gift from Okawaru
  8338 | Lair:1   | Got a pitted double sword {god gift}
  8339 | Lair:1   | Identified the +5 double sword of Exchange {speed, Str+2} (Okawaru gifted it to you on level 1 of the Lair of Beasts)
  8379 | Lair:1   | Noticed a six-headed hydra
  8392 | Lair:1   | Killed a 12-headed hydra
  8392 | Lair:1   | Reached XP level 12. HP: 89/106 MP: 12/12
  8477 | Lair:1   | Noticed Fannar
  8489 | Lair:1   | Killed Fannar
  8686 | Lair:1   | Noticed a seven-headed hydra
  8695 | Lair:1   | Killed an 11-headed hydra
  8831 | Lair:1   | Received a gift from Okawaru
  8843 | Lair:1   | Got a pair of translucent gloves {god gift}
  8849 | Lair:1   | Identified the +2 pair of gloves of Spring {rPois rCorr Str+4} (Okawaru gifted it to you on level 1 of the Lair of Beasts)
  9649 | D:12     | Noticed Snorg
  9660 | D:12     | Killed Snorg
  9724 | D:12     | Noticed a two-headed ogre
  9730 | D:12     | Killed a two-headed ogre
  9821 | D:12     | Found a staircase to the Orcish Mines.
 10251 | D:12     | Reached skill level 15 in Long Blades
 10304 | D:13     | Noticed Kirke
 10315 | D:13     | Reached skill level 5 in Dodging
 10321 | D:13     | Killed Kirke
 10321 | D:13     | Received a gift from Okawaru
 10411 | D:13     | Noticed Josephine
 10415 | D:13     | Noticed Rupert
 10420 | D:13     | Killed Josephine
 10427 | D:13     | Reached XP level 13. HP: 32/116 MP: 10/13
 10965 | D:13     | Found a gate to the Vaults.
 10972 | D:13     | Received a gift from Okawaru
 10975 | D:13     | Got a pair of polished gloves {god gift}
 10988 | D:13     | Identified the +2 pair of gloves "Ycellagueph" {rF+ rCorr Int+3} (Okawaru gifted it to you on level 13 of the Dungeon)
 11015 | D:13     | Killed Rupert
 11701 | Lair:2   | Found a staircase to the Snake Pit.
 12237 | Lair:3   | Found a staircase to the Swamp.
 13155 | Lair:4   | Received a gift from Okawaru
 13375 | Lair:4   | Reached XP level 14. HP: 91/127 MP: 14/14
 14203 | Lair:5   | Reached skill level 5 in Stealth
 14454 | Lair:6   | Entered Level 6 of the Lair of Beasts
 14488 | Lair:6   | Received a gift from Okawaru
 14497 | Lair:6   | Got a jewelled buckler {god gift}
 14503 | Lair:6   | Identified the +6 buckler of Activism {rElec} (Okawaru gifted it to you on level 6 of the Lair of Beasts)
 14859 | Lair:6   | Identified a scroll of acquirement
 15140 | Lair:6   | Found a viscous altar of Jiyva.
 15140 | Lair:6   | Found a staircase to the Slime Pits.
 16231 | D:12     | Received a gift from Okawaru
 16236 | Orc:1    | Entered Level 1 of the Orcish Mines
 16288 | Orc:2    | Entered Level 2 of the Orcish Mines
 16308 | Orc:2    | Noticed Noxor's ghost (journeyman SpEn)
 16342 | Orc:2    | Killed Noxor's ghost
 16367 | Orc:2    | Found a frozen archway.
 16383 | IceCv    | Entered an ice cave
 16560 | IceCv    | Reached skill level 1 in Evocations
 17064 | Orc:2    | Found a roughly hewn altar of Beogh.
 17090 | Orc:1    | Noticed an orc warlord
 17091 | Orc:1    | Noticed an orc warlord
 17256 | Orc:1    | Noticed an orc warlord
 17264 | Orc:2    | Killed an orc warlord
 17574 | Orc:2    | Killed an orc warlord
 17577 | Orc:2    | Reached XP level 15. HP: 57/137 MP: 12/15
 17850 | Orc:2    | Killed an orc warlord
 17969 | Orc:1    | Received a gift from Okawaru
 18234 | Orc:2    | Found a staircase to the Elven Halls.
 18377 | Orc:2    | Noticed Nessos
 18414 | Orc:2    | Killed Nessos
 18529 | Orc:2    | Noticed Azrael
 18539 | Orc:2    | Killed Azrael
 18616 | Orc:2    | Found Rorhib Xie's Book Emporium.
 18616 | Orc:2    | Found Suis's Magic Scroll Shop.
 18905 | Orc:2    | Received a gift from Okawaru
 18908 | Orc:2    | Got warped steam dragon scales {god gift}
 19068 | Orc:2    | Found a roughly hewn altar of Beogh.
 19076 | Orc:2    | Found Anwiu's Weapon Emporium.
 19076 | Orc:2    | Found Ifyvef's Assorted Antiques.
 19090 | Orc:2    | Bought a bubbling pink potion for 29 gold pieces
 19103 | Orc:2    | Identified the +1 steam dragon scales of Yrademih {rElec MP-9 Dex+5 Slay+2} (Okawaru gifted it to you on level 2 of the Orcish Mines)
 19806 | D:15     | Entered Level 15 of the Dungeon
 19849 | D:15     | Reached skill level 15 in Shields
 19990 | D:15     | Found a staircase to the Depths.
 20107 | D:15     | Received a gift from Okawaru
 20196 | D:15     | Found a snail-covered altar of Cheibriados.
 20205 | D:15     | Noticed dengdeng's ghost (amateur FoFi)
 20213 | D:15     | Killed dengdeng's ghost
 20581 | Snake:1  | Entered Level 1 of the Snake Pit
 20609 | Snake:1  | Reached skill level 15 in Fighting
 20976 | Snake:1  | Noticed Aizul
 20988 | Snake:1  | Killed Aizul
 21000 | Snake:1  | Reached XP level 16. HP: 64/149 MP: 12/16
 22108 | Snake:2  | Received a gift from Okawaru
 22477 | Snake:2  | Got a transparent shield {god gift}
 22497 | Snake:2  | Identified the +8 shield "Ytiwen" {Regen+ rCorr} (Okawaru gifted it to you on level 2 of the Snake Pit)
 22993 | Snake:2  | Found Asoupp's Book Shoppe.
 23357 | Swamp:1  | Entered Level 1 of the Swamp
 23578 | Swamp:1  | Noticed a thorn hunter
 23585 | Swamp:1  | Killed a thorn hunter
 23618 | Swamp:1  | Found a hazy altar of Hepliaklqana.
 23650 | Swamp:1  | Noticed Roxanne
 23686 | Swamp:1  | Killed Roxanne
 23930 | Swamp:1  | Received a gift from Okawaru
 24728 | Swamp:2  | You fall through a shaft!
 24728 | Swamp:3  | Noticed a tentacled monstrosity
 24749 | Swamp:3  | Killed a tentacled monstrosity
 24977 | Swamp:3  | Noticed a thorn hunter
 25008 | Swamp:3  | Killed a thorn hunter
 25122 | Swamp:3  | Noticed a thorn hunter
 25130 | Swamp:3  | Killed a thorn hunter
 25395 | Swamp:3  | Reached XP level 17. HP: 159/159 MP: 17/17
 25688 | Swamp:3  | Received a gift from Okawaru
 25691 | Swamp:3  | Got a twisted scimitar {god gift}
 25692 | Swamp:3  | Identified the +4 scimitar of Recklessness {slice, MP+9 Str+5 Int+2 SInv} (Okawaru gifted it to you on level 3 of the Swamp)
 25715 | Swamp:4  | Entered Level 4 of the Swamp
 26658 | Swamp:4  | Received a gift from Okawaru
 26663 | Swamp:4  | Got a translucent falchion {god gift}
 26735 | Swamp:4  | Identified the +1 falchion "Beastbane" {slice, MR+} (Okawaru gifted it to you on level 4 of the Swamp)
 27275 | Swamp:4  | Got a decaying rune of Zot
 27393 | Swamp:4  | Received a gift from Okawaru
 27501 | Swamp:4  | Reached skill level 15 in Armour
 29128 | Snake:4  | Entered Level 4 of the Snake Pit
 29397 | Snake:4  | Reached XP level 18. HP: 144/170 MP: 18/18
 29482 | Snake:4  | Received a gift from Okawaru
 30895 | Snake:4  | Received a gift from Okawaru
 32030 | Snake:4  | Received a gift from Okawaru
 32075 | Snake:4  | Received a gift from Okawaru
 32094 | Snake:4  | Got an ichor-stained plate armour {god gift}
 32345 | Snake:4  | Got a serpentine rune of Zot
 33102 | Snake:4  | Reached XP level 19. HP: 178/181 MP: 19/19
 33753 | Lair:1   | Identified the +6 plate armour "Wiffuusu" {rPois rF+ Dex+2} (Okawaru gifted it to you on level 4 of the Snake Pit)
 33989 | Vaults:1 | Entered Level 1 of the Vaults
 34163 | Vaults:1 | Found a magical portal.
 34182 | WizLab   | Entered The Hall of the Hellbinder
 34613 | WizLab   | Received a gift from Okawaru
 34686 | WizLab   | Noticed Zuritwue
 34688 | WizLab   | Found a burning altar of Makhleb.
 34706 | WizLab   | Killed Zuritwue the Hellbinder
 34756 | WizLab   | Identified Mnoleg's Papyrus of Summoning
 34758 | WizLab   | Identified Ziohuahi's Catalogue of Summoning
 35537 | Vaults:1 | Received a gift from Okawaru
 36443 | Vaults:1 | Received a gift from Okawaru
 37362 | Orc:2    | Bought a scroll of teleportation for 99 gold pieces
 37362 | Orc:2    | Bought a scroll of identify for 66 gold pieces
 37362 | Orc:2    | Bought a scroll of identify for 66 gold pieces
 37403 | Orc:2    | Bought a scroll of identify for 34 gold pieces
 37403 | Orc:2    | Bought a scroll of identify for 34 gold pieces
 37493 | Elf:1    | Entered Level 1 of the Elven Halls
 37698 | Elf:1    | Received a gift from Okawaru
 37699 | Elf:1    | Found Vige's Magic Scroll Boutique.
 37757 | Elf:1    | Got a crystal long sword {god gift}
 37766 | Elf:1    | Bought a scroll of enchant armour for 112 gold pieces
 37766 | Elf:1    | Bought a scroll of enchant weapon for 112 gold pieces
 37766 | Elf:1    | Bought a scroll of blinking for 112 gold pieces
 37766 | Elf:1    | Identified the +8 long sword of Atiy {elec, rF+ MR+++ Dex-4 SInv} (Okawaru gifted it to you on level 1 of the Elven Halls)
 38135 | Elf:1    | Identified the Tome of Sinister Rituals
 38602 | Elf:1    | Reached XP level 20. HP: 193/193 MP: 20/20
 39138 | Elf:2    | Found Kohuonn's Distillery.
 39144 | Elf:2    | Bought a potion of heal wounds for 70 gold pieces
 39144 | Elf:2    | Bought a potion of curing for 42 gold pieces
 39358 | Elf:2    | Found Ani Hual's Armour Boutique.
 39458 | Elf:2    | Found Sagasiysch's General Store.
 39472 | Elf:2    | Found Befiowno's Assorted Antiques.
 39478 | Elf:2    | Bought a scroll of enchant armour for 112 gold pieces
 39478 | Elf:2    | Bought a potion of heal wounds for 75 gold pieces
 39561 | Elf:2    | Received a gift from Okawaru
 39579 | Elf:2    | Got a heavily runed large shield {god gift}
 39593 | Elf:2    | Identified the -4 large shield "Yxiusoc" {rF+ Stlth+} (Okawaru gifted it to you on level 2 of the Elven Halls)
 39640 | Elf:2    | Paralysed by a floating eye for 2 turns
 39855 | Elf:2    | Found Yhusahe's Assorted Antiques.
 39892 | Elf:2    | Found a huge runed gate.
 39892 | Elf:2    | Found a huge runed gate.
 39892 | Elf:2    | Found a huge runed gate.
 39892 | Elf:2    | Found a huge runed gate.
 39896 | Elf:2    | Found a huge runed gate.
 40034 | Elf:2    | Gained mutation: You are dopey. (Int -2) [a neqoxec]
 40176 | Elf:2    | Noticed Nikola
 40196 | Elf:2    | Killed Nikola
 40472 | Elf:2    | Received a gift from Okawaru
 40917 | Elf:3    | Entered Level 3 of the Elven Halls
 41764 | Elf:3    | Found a portal to a secret trove of treasure.
 41959 | Elf:3    | Received a gift from Okawaru
 42569 | Elf:3    | Reached XP level 21. HP: 99/204 MP: 21/21
 43032 | Elf:3    | Identified the Papyrus of Translocation
 43926 | Elf:3    | Got a jewelled dagger {protect}
 44692 | Vaults:1 | Received a gift from Okawaru
 45327 | Vaults:2 | Received a gift from Okawaru
 45669 | Vaults:2 | Found a staircase to the Crypt.
 45669 | Vaults:2 | Found an ancient bone altar of Kikubaaqudgha.
 45670 | Vaults:2 | Found a basalt altar of Yredelemnul.
 46613 | Vaults:3 | Noticed Jorgrun
 46628 | Vaults:3 | Killed Jorgrun
 46628 | Vaults:3 | Received a gift from Okawaru
 46737 | Vaults:3 | Noticed Mennas
 46770 | Vaults:3 | Killed Mennas
 47189 | Vaults:3 | Found Riucs's Magic Scroll Emporium.
 47197 | Vaults:3 | Bought a scroll of brand weapon for 380 gold pieces
 47197 | Vaults:3 | Bought 2 scrolls of enchant weapon for 285 gold pieces
 47258 | Vaults:3 | Reached XP level 22. HP: 215/215 MP: 22/22
 47441 | Vaults:3 | Noticed Mara
 47467 | Vaults:3 | Noticed Peloso's illusion
 47482 | Vaults:3 | Noticed Peloso's illusion
 47902 | Vaults:3 | Killed Mara
 48311 | Lair:1   | Identified the +12 dagger of a wizard's laboratory {protect, rElec rPois MP+9 Str-4} (You took it off a deep elf annihilator on level 3 of the Elven Halls)
 48745 | Vaults:3 | Received a gift from Okawaru
 49141 | Vaults:4 | Found Deqeneuni's Weapon Emporium.
 49161 | Vaults:4 | Bought the +8 autumn katana {slice, Clar} for 794 gold pieces
 49353 | Vaults:4 | Got a steaming arbalest
 49373 | Vaults:4 | Noticed Jory
 49390 | Vaults:4 | Killed Jory
 49390 | Vaults:4 | Received a gift from Okawaru
 49494 | Vaults:4 | Noticed Xtahua
 49508 | Vaults:4 | Killed Xtahua
 49573 | Vaults:4 | Noticed Frederick
 49583 | Vaults:4 | Killed Frederick
 50735 | Vaults:4 | Reached skill level 10 in Dodging
 50865 | Vaults:4 | Received a gift from Okawaru
 51219 | Vaults:4 | Noticed a golden dragon
 51225 | Vaults:4 | Killed a golden dragon
 51225 | Vaults:4 | Reached XP level 23. HP: 143/226 MP: 24/24
 51234 | Vaults:4 | Received a gift from Okawaru
 52077 | Orc:2    | Bought a scroll of teleportation for 51 gold pieces
 52077 | Orc:2    | Bought a scroll of teleportation for 51 gold pieces
 52341 | Lair:1   | Got a heavily runed bronze amulet
 52343 | Lair:1   | Identified the amulet of Xerulob {+Rage rPois rC- Int+9 SInv} (You acquired it on level 1 of the Lair of Beasts)
 52849 | Vaults:5 | Entered Level 5 of the Vaults
 52880 | Vaults:4 | Received a gift from Okawaru
 52966 | Vaults:4 | Received a gift from Okawaru
 54186 | Vaults:4 | Received a gift from Okawaru
 55437 | Vaults:5 | Received a gift from Okawaru
 55457 | Vaults:4 | Reached XP level 24. HP: 142/237 MP: 24/24
 56650 | Vaults:5 | Got a silver rune of Zot
 57230 | Vaults:5 | Received a gift from Okawaru
 57705 | Vaults:5 | Got a steaming silver ring
 58334 | Lair:1   | Identified the ring "Eklim" {rElec rN+ Str+2 Stlth+} (You took it off an orc knight on level 5 of the Vaults)
 59771 | Crypt:1  | Entered Level 1 of the Crypt
 60044 | Crypt:1  | Noticed Margery
 60057 | Crypt:1  | Killed Margery
 60995 | Crypt:1  | Reached XP level 25. HP: 240/248 MP: 22/24
 61754 | Crypt:2  | Received a gift from Okawaru
 61757 | Crypt:2  | Got a steaming crystal plate armour {god gift}
 61778 | Crypt:2  | Identified the +9 crystal plate armour of Haghel {*Slow rN+ Regen+ Int+6} (Okawaru gifted it to you on level 2 of the Crypt)
 62912 | Crypt:3  | Entered Level 3 of the Crypt
 63126 | Crypt:3  | Found a staircase to the Tomb.
 63548 | Crypt:3  | Found a basalt altar of Yredelemnul.
 64236 | Crypt:3  | Got a crude great sword
 64298 | Crypt:3  | Got a scorched arbalest
 64441 | Crypt:3  | Noticed Boris
 64468 | Crypt:3  | Killed Boris
 65056 | Lair:1   | Identified the +9 great sword of Omasiaqe {slice, rElec rC++} (You found it on level 3 of the Crypt)
 65271 | Depths:1 | Entered Level 1 of the Depths
 65344 | Depths:1 | Found Nebiunax's Jewellery Shoppe.
 65345 | Depths:1 | Found Ticus's Gadget Shop.
 65346 | Depths:1 | Found Etrieh's Jewellery Shoppe.
 65382 | Depths:1 | Received a gift from Okawaru
 65392 | Depths:1 | Got a crystal long sword {god gift}
 65393 | Depths:1 | Identified the +1 long sword of Doom {venom, rElec rN+} (Okawaru gifted it to you on level 1 of the Depths)
 65552 | Depths:1 | Found a gateway to Hell.
 66005 | Depths:1 | Reached skill level 27 in Shields
 66038 | Depths:1 | Found Cezoqiv's Antique Weapon Boutique.
 66064 | Depths:1 | Found a one-way gate to the infinite horrors of the Abyss.
 66072 | Depths:1 | Reached XP level 26. HP: 191/261 MP: 24/24
 66217 | Depths:1 | Got an ancient demon whip {vamp}
 66607 | Depths:2 | Received a gift from Okawaru
 66618 | Depths:2 | Reached skill level 27 in Long Blades
 66630 | Depths:2 | Got a brightly glowing morningstar {god gift}
 67236 | Depths:2 | Reached skill level 27 in Fighting
 67421 | Depths:2 | Found a corrupted altar of Lugonu.
 67625 | Depths:2 | Received a gift from Okawaru
 68016 | Depths:3 | Found an opulent altar of Gozag.
 68414 | Depths:3 | Received a gift from Okawaru
 69052 | Depths:3 | Received a gift from Okawaru
 69199 | Depths:3 | Found a one-way gate leading to the halls of Pandemonium.
 69714 | Depths:4 | Reached XP level 27. HP: 245/273 MP: 24/24
 69812 | Depths:4 | Found a gateway to a ziggurat.
 69904 | Depths:4 | Noticed Louise
 69930 | Depths:4 | Killed Louise
 69932 | Depths:4 | Got a shimmering large shield
 69952 | Depths:4 | Identified the +7 large shield of the Red Skies {Dex+4 SInv} (You took it off Louise on level 4 of the Depths)
 70373 | Depths:4 | Identified the +2 morningstar "Gile" {vamp, Int+3} (Okawaru gifted it to you on level 2 of the Depths)
 70509 | Depths:4 | Got a sparkling graven amulet
 70515 | Depths:4 | Identified the amulet of the Briny Deep {Harm *Drain rPois Int-2 Dex+8 Stlth+} (You took it off a tengu conjurer on level 4 of the Depths)
 71579 | Depths:4 | Received a gift from Okawaru
 71983 | Depths:5 | Entered Level 5 of the Depths
 72014 | Depths:5 | Found a gate to the Realm of Zot.
 73409 | Depths:5 | Found a shattered altar of Ashenzari.
 73875 | Tomb:1   | Entered Level 1 of the Tomb of the Ancients
 74705 | Tomb:1   | Noticed an ancient lich
 74723 | Tomb:1   | Killed an ancient lich
 74756 | Tomb:1   | Noticed a greater mummy
 74760 | Tomb:1   | HP: 10/273 [mummy priest/divine providence (13)]
 74763 | Tomb:1   | Noticed a greater mummy
 74764 | Tomb:1   | Slain by a greater mummy

Skill      XL: |  1  2  3  4  5  6  7  8  9 10 11 12 13 14 15 16 17 18 19 20 21 22 23 24 25 26 27 |
---------------+----------------------------------------------------------------------------------+-----
Armour         | 4 5 6 7 8 9 10 11 12 13 14 15 16 17 18 19 20 23 25 | 25.7
Shields        | 4 5 6 7 9 10 12 14 15 17 18 19 20 21 22 24 25 26 27 | 27.0
Long Blades    | 3 4 5 7 9 10 12 13 15 16 17 18 19 20 21 22 23 24 25 26 27 | 27.0
Fighting       | 4 6 7 8 10 11 12 13 15 16 17 18 19 21 23 24 26 27 | 27.0
Dodging        | 1 2 3 4 5 6 7 8 9 10 11 13 | 13.4
Stealth        | 1 2 3 4 5 6 7 8 |  8.2
Invocations    | 1 2 3 |  3.4
Polearms       | 1 |  1.0
Evocations     | 1 2 |  2.6

Action                   |  1- 3 |  4- 6 |  7- 9 | 10-12 | 13-15 | 16-18 | 19-21 | 22-24 | 25-27 || total
-------------------------+-------+-------+-------+-------+-------+-------+-------+-------+-------++-------
Melee: Long sword        |    96 |    88 |   165 |   346 |       |       |       |       |       ||   695
       Headbutt          |     9 |    21 |    51 |   148 |   297 |   426 |   509 |   621 |   773 ||  2855
       Spear             |       |       |       |    11 |       |       |       |       |       ||    11
       Double sword      |       |       |       |   153 |  1034 |  1297 |  1468 |  1450 |  1905 ||  7307
       Demon blade       |       |       |       |       |       |       |    16 |       |       ||    16
       Scimitar          |       |       |       |       |       |       |       |     3 |    42 ||    45
Invok: Heroism           |       |       |     3 |     7 |     4 |     3 |     6 |    12 |       ||    35
       Finesse           |       |       |       |       |       |       |       |     1 |       ||     1
 Abil: Evoke Flight      |       |       |       |       |       |       |     1 |       |       ||     1
Evoke: Wand              |       |       |       |       |     4 |     1 |     2 |     4 |     4 ||    15
  Use: Scroll            |     2 |       |     4 |    19 |    14 |     3 |     6 |     8 |    16 ||    72
       Potion            |       |       |       |       |     4 |     4 |     5 |     1 |     9 ||    23
 Stab: Sleeping          |       |     1 |       |     5 |    24 |     5 |       |       |       ||    35
       Petrified         |       |       |       |       |     3 |       |       |       |       ||     3
       Distracted        |       |       |       |       |     3 |     4 |     1 |       |     3 ||    11
       Confused          |       |       |       |       |       |       |       |       |     1 ||     1
  Eat: Chunk             |       |     5 |    16 |    16 |    30 |    27 |    36 |    38 |    32 ||   200
       Fruit             |       |       |       |       |     2 |    15 |    11 |     7 |    14 ||    49
       Royal jelly       |       |       |       |       |       |       |       |       |     1 ||     1
Armor: Scale mail        |    67 |    30 |       |       |       |       |       |       |       ||    97
       Chain mail        |       |     5 |    54 |    67 |       |       |       |       |       ||   126
       Plate armour      |       |       |       |    28 |       |       |   370 |   539 |   593 ||  1530
       Shadow dragon sca |       |       |       |   102 |   302 |   362 |     6 |       |       ||   772
       Gold dragon scale |       |       |       |       |       |       |       |     1 |       ||     1
Dodge: Dodged            |    39 |    38 |    50 |   172 |   464 |   542 |   556 |   561 |   633 ||  3055
Block: Shield            |    59 |    48 |    86 |   273 |   150 |   488 |       |    33 |       ||  1137
       Buckler           |       |       |       |       |   467 |   529 |   834 |   996 |  1229 ||  4055
       Large shield      |       |       |       |       |       |       |       |       |   219 ||   219
       Rpst.: Long sword |    11 |    10 |    15 |    21 |       |       |       |       |       ||    57
       Double sword      |       |       |       |    13 |   125 |    81 |   113 |   108 |   102 ||   542
       Scimitar          |       |       |       |       |       |       |       |       |     2 ||     2
